 Dungeon Crawl Stone Soup version 0.31.0-12-g77e489cdc1 (webtiles) character file.

Game seed: 12202442584946716088

457 James the Merchant of Misery (level 6, -1/35 HPs)
             Began as a Deep Elf Necromancer on Feb 24, 2024.
             Was a Believer of Kikubaaqudgha.
             Slain by a gnoll sergeant
             ... wielding a +0 spear
              (12 damage)
             ... on level 4 of the Dungeon.
             The game lasted 00:19:06 (5394 turns).

James the Merchant of Misery (Deep Elf Necromancer) Turns: 5394, Time: 00:19:07

Health: -1/35      AC:  4    Str:  5    XL:     6   Next: 77%
Magic:  11/17      EV: 14    Int: 22    God:    Kikubaaqudgha [**....]
Gold:   233        SH:  0    Dex: 15    Spells: 8/17 levels left

rFire   . . .        a - +0 short sword
rCold   . . .        (no shield)
rNeg    . . .        j - +0 robe
rPois   .            (no helmet)
rElec   .            c - +0 cloak
rCorr   .            E - +0 pair of gloves
SInv    .            (no boots)
Will    ++...        (no amulet)
Stlth   ++           t - ring of willpower
HPRegen 0.25/turn    N - ring of willpower
MPRegen 0.15/turn

%: no passive effects
@: lethally poisoned (-1 -> -5), very slightly contaminated
A: no striking features
a: Renounce Religion, Unearth Wretches


You were on level 4 of the Dungeon.
You worshipped Kikubaaqudgha.
Kikubaaqudgha was pleased with you.
You visited 2 branches of the dungeon, and saw 6 of its levels.

You collected 233 gold pieces.

Inventory:

Hand Weapons
 a - a +0 short sword (weapon)
   (You took it off a kobold on level 1 of the Dungeon)
 b - a +0 trident of freezing
   (You took it off an orc on level 4 of the Dungeon)
 r - a +0 dagger
   (You found it on level 2 of the Dungeon)
 v - a +0 sling
   (You found it on level 1 of the Dungeon)
 G - a +0 quarterstaff
   (You found it on level 3 of the Dungeon)
Missiles
 f - 36 stones
 l - 4 curare-tipped darts {!f}
 n - 4 datura-tipped darts
 O - 3 boomerangs
Armour
 c - a +0 cloak (worn)
   (You found it on level 1 of the Dungeon)
 i - a +0 leather armour
   (You found it on level 1 of the Dungeon)
 j - a +0 robe (worn)
 k - a +0 leather armour
   (You found it on level 1 of the Dungeon)
 u - a +0 leather armour
   (You found it on level 2 of the Dungeon)
 A - a +0 robe
   (You found it on level 3 of the Dungeon)
 B - a +0 leather armour
   (You found it on level 3 of the Dungeon)
 C - a +0 chain mail
   (You found it on level 3 of the Dungeon)
 E - a +0 pair of gloves (worn)
   (You found it on level 3 of the Dungeon)
 F - a +1 ring mail of fire resistance
   (You found it on level 3 of the Dungeon)
 H - a +0 buckler
   (You found it on level 3 of the Dungeon)
 I - a +0 robe
   (You took it off an orc wizard on level 4 of the Dungeon)
 J - a +0 ring mail
   (You took it off an orc on level 4 of the Dungeon)
 M - a +0 robe
   (You found it on level 4 of the Dungeon)
 P - a +0 ring mail
   (You found it on level 4 of the Dungeon)
 Q - a +0 ring mail
   (You took it off an orc on level 4 of the Dungeon)
 U - a +0 ring mail
   (You took it off an orc on level 4 of the Dungeon)
 V - a +0 robe
   (You took it off an orc wizard on level 4 of the Dungeon)
 W - a +0 robe
   (You took it off an orc wizard on level 4 of the Dungeon)
Jewellery
 g - an amulet of guardian spirit
   (You found it on level 1 of the Dungeon)
 t - a ring of willpower (left hand)
   (You found it on level 2 of the Dungeon)
 D - a ring of fire
   (You found it on level 3 of the Dungeon)
 N - a ring of willpower (right hand)
   (You found it on level 4 of the Dungeon)
Talismans
 d - a serpent talisman
   (You found it on level 1 of the Dungeon)
Scrolls
 e - a scroll of revelation {unknown}
 o - a scroll of identify {unknown}
 s - a scroll of silence {unknown}
 w - a scroll of enchant armour {unknown}
 y - 2 scrolls of teleportation {unknown}
 z - a scroll of blinking {unknown}
 K - a scroll of vulnerability {unknown}
 S - a scroll of brand weapon {unknown}
 T - a scroll of poison {unknown}
Potions
 h - a potion of lignification {unknown}
 m - 3 potions of heal wounds {unknown}
 p - a potion of might {unknown}
 q - 2 potions of enlightenment {unknown}
 x - 2 potions of curing {unknown}
 L - a potion of mutation {unknown}
 R - 2 potions of magic


   Skills:
 + Level 1.8 Fighting
 + Level 4.9 Dodging
 - Level 3.0 Stealth
 + Level 6.1 Spellcasting
 + Level 6.4 Necromancy


You had 8 spell levels left.
You knew the following spells:

 Your Spells              Type           Power      Damage    Failure   Level
a - Necrotise             Necr           100%       1d9       1%          1
b - Kiss of Death         Conj/Necr      80%        2d11      2%          1
q - Vampiric Draining     Necr           35%        2d8       1%          3
u - Animate Dead          Necr           35%        N/A       6%          4

Your spell library contained the following spells:

 Spells                   Type           Power      Damage    Failure   Level
 Apportation              Tloc           12%        N/A       9%          1
 Jinxbite                 Hex            12%        N/A       14%         2
 Curse of Agony           Necr           35%        N/A       19%         5
 Alistair's Intoxication  Alch           4%         N/A       94%         5
 Yara's Violent Unravell  Hex/Alch       3%         3d4       94%         5
 Enfeeble                 Hex            3%         N/A       100%        7


Dungeon Overview and Level Annotations

Branches:
Dungeon (5/15)             Temple (1/1) D:4

Altars:
Ashenzari
Cheibriados
Dithmenos
Elyvilon
Gozag
Hepliaklqana
Kikubaaqudgha
Makhleb
Nemelex Xobeh
Ru
Sif Muna
Trog
Uskayaw
Vehumet
Wu Jian
Xom
The Shining One

Annotations:
D:4 exclusion: downstairs
D:5 Dowan, Duvessa


Message History

You climb downwards.
Level annotation: Dowan, Duvessa The gnoll sergeant misses you.
The gnoll sergeant hits you from afar with a +0 spear!
The adder hisses angrily.
There is a stone staircase leading up here.
The gnoll sergeant hits you from afar with a +0 spear.
You climb upwards.
Level annotation: exclusion: downstairs
There is a stone staircase leading down here.
You start resting.
You climb downwards.
Level annotation: Dowan, Duvessa The adder closely misses you.
The adder bites you.
You are poisoned.
The adder poisons you! The gnoll sergeant barely misses you.
The ogre closely misses you.
There is a stone staircase leading up, spattered with blood here.
You feel sick. The adder bites you.
You are more poisoned.
The adder poisons you!
The gnoll sergeant hits you with a +0 spear!
The adder bites you but does no damage.
You climb upwards.
Level annotation: exclusion: downstairs You feel very sick.
There is a stone staircase leading down here.
Press: ? - help, Shift-Dir - straight line, f - adder
Aim: an adder You miscast Vampiric Draining.
You are very lightly contaminated with residual magic.
Nothing appears to happen.
You feel sick.
The ogre hits you with a +0 giant spiked club.
* * * LOW HITPOINT WARNING * * *
The gnoll sergeant hits you with a +0 spear.
* * * LOW HITPOINT WARNING * * *
The adder bites you.
* * * LOW HITPOINT WARNING * * *
Unknown command.
Okay, then.
Unknown command.
Okay, then.
Unknown command.
Press: ? - help, Shift-Dir - straight line, f/p - adder
Aim: an adder You draw life force from the adder.
You feel life coursing into your body.
You feel sick. The adder closely misses you.
The gnoll sergeant hits you with a +0 spear!
You die...
Kikubaaqudgha rasps: "You have failed me!
Welcome... death!"

..####....####.....##.......##.#.
#.####....'..#.....##.......##.#.
#....+....##.'.....#........##.#.
######....####.......#########.#.
######....# ##'##..## #.#.
..........#####....## #.#.
######....+......#### #.#.
#....######Sg..# #.#. #....#
#@##.# #.#. #########.# #O##.#
#.#. ....# #.# #.##.# #.#. ###.#
#.# #.##.# #.#. #.# #.# #.##.#
#.#. #.# #.# #.##.# #.## #.# #.#
#.##.# #.# #.# #.# #.##.# #.##
#.# #.# #.##.# #...


You could see an ogre, a gnoll sergeant and an adder.

Vanquished Creatures
  A kobold brigand (D:5)
  2 scorpions (D:4)
  3 orc wizards (D:4)
  A gnoll (D:5)
  8 adders
  2 dart slugs
  A ribbon worm (D:3)
  7 orcs
  9 endoplasms
  13 giant cockroaches
  4 goblins
  7 hobgoblins
  7 jackals
  2 quokkas
  3 ball pythons
  4 bats
  3 frilled lizards
  6 kobolds
  9 rats
92 creatures vanquished.

Vanquished Creatures (collateral kills)
  A gnoll (D:5)
  A quokka (D:3)
  2 kobolds (D:5)
4 creatures vanquished.

Vanquished Creatures (others)
  A gnoll zombie (D:5)
  A hobgoblin (D:4)
  6 kobold zombies (D:5)
8 creatures vanquished.

Grand Total: 104 creatures vanquished

Notes
Turn   | Place    | Note
-------+----------+-------------------------------------------
     0 | D:1      | James the Deep Elf Necromancer began the quest for the Orb.
     0 | D:1      | Reached XP level 1. HP: 10/10 MP: 6/6
     1 | D:1      | Found a runed translucent door.
   765 | D:1      | Reached XP level 2. HP: 15/15 MP: 8/8
  1269 | D:2      | Reached skill level 5 in Necromancy
  1422 | D:2      | Reached XP level 3. HP: 20/20 MP: 5/10
  1912 | D:2      | Learned a level 3 spell: Vampiric Draining
  2218 | D:1      | Reached skill level 1 in Fighting
  2270 | D:1      | Reached XP level 4. HP: 24/25 MP: 12/12
  2616 | D:3      | Found a faded altar of an unknown god.
  2621 | D:3      | Prayed at the altar of an unknown god.
  2621 | D:3      | Became a worshipper of Kikubaaqudgha
  2621 | D:3      | Reached * piety under Kikubaaqudgha
  2621 | D:3      | Received a gift from Kikubaaqudgha
  2624 | D:3      | Learned a level 1 spell: Kiss of Death
  2629 | D:3      | Learned a level 4 spell: Animate Dead
  3705 | D:4      | Reached skill level 5 in Spellcasting
  3705 | D:4      | Reached XP level 5. HP: 19/29 MP: 1/14
  4287 | D:4      | Reached XP level 6. HP: 34/34 MP: 10/16
  4578 | D:4      | Reached ** piety under Kikubaaqudgha
  5023 | D:4      | Found a staircase to the Ecumenical Temple.
  5040 | Temple   | Entered the Ecumenical Temple
  5072 | D:5      | Entered Level 5 of the Dungeon
  5072 | D:5      | Noticed Duvessa
  5072 | D:5      | Noticed Dowan
  5072 | D:5      | Noticed a sky beast
  5394 | D:4      | Slain by a gnoll sergeant

Illustrated notes

Levels and vault maps discovered:
D:1:      dpeg_arrival_caged_fury, layout_loops_corners
D:2:      layout_basic, serial_forest, infiniplex_forest_straight_4,
          infiniplex_forest_straight_3, infiniplex_forest_clump_medium,
          infiniplex_forest_clump_small, infiniplex_forest_clump_tiny,
          infiniplex_forest_corner_2, infiniplex_forest_clump_small, minmay_puff
D:3:      layout_basic, basic_ecumenical_altar, st_stairs_14
D:4:      layout_basic, lemuel_temple_firewalk_b
D:5:      layout_cave_pools, serial_bayou_lake_a, uniq_eustachio, uniq_duvessa
Temple:   minmay_crystal_spiral_temple

Skill      XL: |  1  2  3  4  5  6 |
---------------+-------------------+-----
Necromancy     | 5 6 |  6.4
Stealth        | 3 |  3.0
Spellcasting   | 4 5 6 |  6.1
Dodging        | 3 4 |  4.9
Fighting       | 1 |  1.8

Action                     |  1- 3 |  4- 6 || total
---------------------------+-------+-------++-------
  Melee: Short sword       |   156 |   152 ||   308
         Punch             |     2 |     4 ||     6
   Cast: Necrotise         |    19 |    26 ||    45
         Vampiric Draining |     2 |    25 ||    27
         Animate Dead      |       |     1 ||     1
   Stab: Sleeping          |     6 |     5 ||    11
 Armour: Robe              |    68 |    89 ||   157
  Dodge: Dodged            |   125 |   118 ||   243
